 Dungeon Crawl Stone Soup version 0.19-a0-45-g2c295ea (webtiles) character file.

47 Kenran the Shooter (level 3, 0/29 HPs)
             Began as a Centaur Hunter on May 5, 2016.
             Succumbed to an adder's poison
             ... on level 3 of the Dungeon.
             The game lasted 00:04:38 (2399 turns).

Kenran the Shooter (Centaur Hunter)                 Turns: 2399, Time: 00:04:39

Health: 0/29       AC:  6    Str: 14    XL:     3   Next: 48%
Magic:  3/3        EV:  7    Int: 10    God:
Gold:   131        SH:  0    Dex: 10    Spells: 0 memorised, 2 levels left

rFire  . . .     SeeInvis .     b - +0 short sword
rCold  . . .     Gourm    .     w - +0 scale mail
rNeg   . . .     Faith    .     (no shield)
rPois  +         Spirit   .     (no helmet)
rElec  .         Dismiss  .     (no cloak)
rCorr  .         Reflect  .     (no gloves)
SustAt .         Harm     .     (no barding)
MR     .....                    (no amulet)
Stlth  ..........               (no ring)
                                j - ring of poison resistance (curse)

@: lethally poisoned (0 -> -5), flying, very quick, not resistant to hostile
enchantments, extremely unstealthy
A: hooves 3, deformed body, speed 2, tough skin 3
a: no special abilities


You were on level 3 of the Dungeon.
You were full.

You visited 1 branch of the dungeon, and saw 3 of its levels.

You collected 131 gold pieces.

Inventory:

Hand Weapons
 a - a +1 shortbow
 b - a +0 short sword (weapon)
Missiles
 d - 35 arrows
Armour
 w - a +0 scale mail (worn)
Jewellery
 j - a cursed ring of poison resistance (left hand)
 k - an uncursed ring of magical power {unknown}
 n - an uncursed ring of resist corrosion {unknown}
Scrolls
 e - 2 scrolls of recharging {unknown}
 g - a scroll of remove curse {unknown}
 h - 4 scrolls of identify {unknown}
 i - a scroll of magic mapping {unknown}
 m - a scroll of enchant weapon {unknown}
 t - 2 scrolls of teleportation {unknown}
Potions
 l - a potion of beneficial mutation {unknown}
 p - a potion of magic
 q - a potion of cancellation {unknown}
 s - a potion of lignification {unknown}
 u - 2 potions of flight
Comestibles
 f - a bread ration
 o - a meat ration
 v - a beef jerky


   Skills:
 - Level 2.0 Fighting
 + Level 7.0 Bows
 - Level 1.3 Dodging
 - Level 0.5 Stealth


You had 2 spell levels left.
You didn't know any spells.

Dungeon Overview and Level Annotations

Branches:
Dungeon (3/15)

Altars:


Innate Abilities, Weirdness & Mutations

You have hooves in place of feet.
Armour fits poorly on your strangely shaped body.
You cover ground very quickly.
You have extremely tough skin (AC +3).


Message History

You are lethally poisoned!
The adder poisons you!
You closely miss the adder. Your kick misses the adder.
The adder is almost dead.
* * * LOW HITPOINT WARNING * * *
You feel sick. The adder closely misses you. The adder bites you.
* * * LOW HITPOINT WARNING * * *
Your scale mail prevents you from hitting the adder.
You kick the adder, but do no damage.
The adder is almost dead.
* * * LOW HITPOINT WARNING * * *
You feel sick. The adder bites you.
* * * LOW HITPOINT WARNING * * *
Drink which item? (? for menu, Esc to quit)
It was a potion of flight.
You feel very buoyant.
You fly up into the air.
The adder bites you but does no damage.
Drink which item? (? for menu, Esc to quit)
It was a potion of magic.
Magic courses through your body.
You die...

..# ..# #. ..#
#. ..# #. ..#
# #. ..#
###.##.##..###
........@S...#
........?..#.#
.......<.#.#
######.[.#.#
##.## # ..#
.... ####


You could see an adder.

Vanquished Creatures
  2 worms (D:2)
  A dart slug (D:1)
  2 giant geckos (D:1)
  4 bats
  3 giant cockroaches
  3 goblins (D:1)
  7 hobgoblins
  4 kobolds (D:1)
  8 giant newts (D:2)
  2 rats (D:1)
36 creatures vanquished.

Notes
Turn   | Place    | Note
--------------------------------------------------------------
     0 | D:1      | Kenran the Centaur Hunter began the quest for the Orb.
     0 | D:1      | Reached XP level 1. HP: 17/17 MP: 1/1
   281 | D:1      | Reached XP level 2. HP: 19/24 MP: 2/2
   373 | D:1      | Reached skill level 6 in Bows
  1280 | D:1      | Reached XP level 3. HP: 29/29 MP: 3/3
  2285 | D:2      | Reached skill level 7 in Bows
  2397 | D:3      | HP: 1/29 [adder (2)]
  2399 | D:3      | Succumbed to an adder's poison

Vault maps used:
D:1:      minmay_arrival_checkered_box, serial_forest, infiniplex_forest_3_way,
          infiniplex_forest_end_1, infiniplex_forest_lined_3,
          infiniplex_forest_straight_2, infiniplex_forest_clump_small,
          infiniplex_forest_straight_3, infiniplex_forest_clump_diagonal,
          infiniplex_forest_clump_long, minmay_misc_feat_roman
D:2:      grunt_temple_overflow_holy_war, minmay_newt_pond
D:3:      first_bread

Skill      XL: |  1  2  3 |
---------------+----------+-----
Bows           | 6 7 |  7.0
Fighting       | |  2.0
Dodging        | |  1.3
Stealth        | |  0.5

Action                   || total
-------------------------++-------
Melee: Short sword       ||   159
       Kick              ||    33
 Fire: Shortbow          ||     5
  Use: Potion            ||     2
  Eat: Fruit             ||     8
       Chunk             ||     2
Armor: Leather armour    ||    35
       Scale mail        ||    18
Dodge: Dodged            ||    68
